 Dungeon Crawl Stone Soup version 0.27.1-2-g3b301248ec (webtiles) character file.

Game seed: 16799811777825366010

2 Metae the Skirmisher (level 1, -1/20 HPs)
             Began as a Hill Orc Fighter on Sept 24, 2021.
             Slain by a goblin (3 damage)
             ... on level 1 of the Dungeon.
             The game lasted 00:01:25 (302 turns).

Metae the Skirmisher (Hill Orc Fighter)              Turns: 302, Time: 00:01:25

Health: -1/20      AC:  6    Str: 18    XL:     1   Next: 40%
Magic:  0/0        EV:  7    Int:  8    God:
Gold:   0          SH:  9    Dex: 10    Spells: 0/0 levels left

rFire    . . .     SeeInvis .   a - +0 war axe
rCold    . . .     Faith    .   c - +0 kite shield
rNeg     . . .     Spirit   .   b - +0 scale mail
rPois    .         Reflect  .   (helmet restricted)
rElec    .         Harm     .   (no cloak)
rCorr    .         Rampage  .   (no gloves)
Will     .....                  (no boots)
Stlth    ..........             (no amulet)
HPRegen  0.06/turn              (no ring)
MPRegen  0.07/turn              (no ring)

@: no status effects
A: antennae 1, talons 1, low mp 1
a: no special abilities


You were on level 1 of the Dungeon.
You visited 1 branch of the dungeon, and saw 1 of its levels.

Inventory:

Hand Weapons
 a - a +0 war axe (weapon)
Armour
 b - a +0 scale mail (worn)
 c - a +0 kite shield (worn)
Scrolls
 e - a scroll of blinking {unknown}
 f - a scroll of silence {unknown}
Potions
 d - a potion of might


   Skills:
 + Level 3.6 Fighting
 + Level 2.8 Axes
 + Level 3.3 Armour
 + Level 3.3 Shields


You couldn't memorise any spells.
You didn't know any spells.
Your spell library was empty.

Dungeon Overview and Level Annotations

Branches:
Dungeon (1/15)

Altars:


Innate Abilities, Weirdness & Mutations

You have a pair of small antennae on your head.
You have sharp toenails.
Your magical capacity is low. (-10% MP)


Message History

The quokka bites you.
You barely miss the quokka. The quokka bites you.
* * * LOW HITPOINT WARNING * * *
You block the quokka's attack. You block the quokka's attack.
The quokka bites you but does no damage.
You block the quokka's attack.
You hit the quokka.
The quokka is almost dead.
You block the quokka's attack. The quokka bites you.
* * * LOW HITPOINT WARNING * * *
The quokka completely misses you.
It was a potion of mutation.
You feel extremely strange.
You feel less energetic.
Your toenails lengthen and sharpen.
A pair of antennae grows on your head! The quokka closely misses you.
You miss the quokka. Your kick misses the quokka.
The quokka is almost dead.
You block the quokka's attack. The quokka closely misses you.
You closely miss the quokka.
The quokka is almost dead.
You block the quokka's attack. The quokka barely misses you.
You hit the quokka.
You kill the quokka!
The kobold hits you but does no damage.
You feel drained.
Your life force feels restored.
You closely miss the kobold. You block the kobold's attack.
You hit the kobold.
You kill the kobold!
You block the goblin's attack.
You closely miss the giant cockroach. Your kick misses the giant cockroach.
You closely miss the goblin.
The giant cockroach waves its antennae.
You block the giant cockroach's attack. You block the goblin's attack.
You closely miss the giant cockroach.
You claw the giant cockroach, but do no damage.
You barely miss the goblin. The giant cockroach closely misses you.
You block the goblin's attack. You block the giant cockroach's attack.
The goblin hits you with a +0 dagger.
You die...

#.... #### #### #.(.
... ... #..#######.#
#.# #.... ...#.#####.#
##..#####.#....B..####
#..>...............S..
#..............#######
#..########.#..#
#...B@grg...#..#
#.#####Sg...#..#
#.....#.#...#..#
#####...#......#
###...#.....##.#
###...#.#...#.##.#
###...###.....#.##.#
##...####........##.#
#..### #.+++'++....#


You could see a giant cockroach, 2 hobgoblins, a goblin, a ball python and a
rat.

Vanquished Creatures
  A quokka (D:1)
  A frilled lizard (D:1)
  A kobold (D:1)
3 creatures vanquished.

Notes
Turn   | Place    | Note
-------+----------+-------------------------------------------
     0 | D:1      | Metae the Hill Orc Fighter began the quest for the Orb.
     0 | D:1      | Reached XP level 1. HP: 19/19 MP: 1/1
   295 | D:1      | Gained mutation: Your magical capacity is low. (-10% MP)
                  | [potion of mutation]
   295 | D:1      | Gained mutation: You have sharp toenails. [potion of
                  | mutation]
   295 | D:1      | Gained mutation: You have a pair of small antennae on your
                  | head. [potion of mutation]
   302 | D:1      | Slain by a goblin

Illustrated notes

Levels and vault maps discovered:
D:1:      lightli_arrival_maybe_door_vault, layout_basic,
          basic_ecumenical_altar, chequers_serial_rivers_micro_a

Action                   || total
-------------------------++-------
Melee: War axe           ||    28
       Kick              ||     1
  Use: Potion            ||     1
Armor: Scale mail        ||    10
Dodge: Dodged            ||    11
Block: Kite shield       ||    24
